 Dungeon Crawl Stone Soup version 0.29.1-15-g9cfb28693d (webtiles) character file.

Game seed: 1904180529846143205

67001 GimliDwarf the Devastator (level 15, -6/83 HPs)
             Began as a Tengu Conjurer on Dec 14, 2023.
             Was a High Priest of Vehumet.
             Blown up by an orb spider (51 damage)
             ... with an orb of destruction
             ... on level 2 of the Spider Nest on Dec 15, 2023.
             The game lasted 01:58:50 (23859 turns).

GimliDwarf the Devastator (Tengu Conjurer)         Turns: 23859, Time: 01:58:51

Health: -6/83      AC: 10    Str:  9    XL:     15   Next: 21%
Magic:  36/40      EV: 15    Int: 23    God:    Vehumet [*****.]
Gold:   803        SH:  0    Dex: 14    Spells: 5/36 levels left

rFire   . . .      SeeInvis +   k - +5 spear of Ifesewat {pain, rPois SInv}
rCold   . . .      Faith    .   (no shield)
rNeg    . . .      Spirit   .   O - +0 steam dragon scales
rPois   +          Reflect  .   U - +2 hat
rElec   .          Harm     .   A - +0 cloak
rCorr   .          Rampage  .   (no gloves)
Will    +....                   (boots unavailable)
Stlth   ++........              e - amulet of regeneration
HPRegen 1.83/turn               R - ring of magical power
MPRegen 0.27/turn               N - ring of wizardry

@: about to teleport, flying quickly and evasively, quick
A: beak, talons 3, nimble flight, regeneration 1, wild magic 1
a: Renounce Religion


You were on level 2 of the Spider Nest.
You worshipped Vehumet.
Vehumet was extremely pleased with you.
You visited 4 branches of the dungeon, and saw 20 of its levels.

You collected 1215 gold pieces.
You spent 412 gold pieces at shops.

Inventory:

Hand Weapons
 c - the +9 sling of Esoetz {speed, Dex+3}
   (You found it on level 11 of the Dungeon)

   Attacks with this weapon are significantly faster.
   Dex:       It affects your dexterity (+3).
 k - the +5 spear of Ifesewat (weapon) {pain, rPois SInv}
   (You found it on level 6 of the Dungeon)

   In the hands of one skilled in necromantic magic, it inflicts extra damage on
   living creatures.
   rPois:     It protects you from poison.
   SInv:      It lets you see invisible.
 B - a +3 longbow of freezing
 F - a +5 quarterstaff of venom
 V - the +8 dagger "Lublaisa" {protect, Str+4 Dex+8}
   (You found it on level 1 of the Lair of Beasts)

   It grants its wielder temporary protection when it strikes (+7 to AC).
   Str:       It affects your strength (+4).
   Dex:       It affects your dexterity (+8).
Missiles
 v - 49 poisoned darts
 E - 2 atropa-tipped darts
 G - 7 curare-tipped darts
Armour
 A - a +0 cloak (worn)
 O - +0 steam dragon scales (worn)
 U - a +2 hat (worn)
Magical Staves
 l - a staff of air
 t - a staff of fire
 x - a staff of conjuration
 K - a staff of cold
Jewellery
 e - an amulet of regeneration (around neck)
 h - a ring of ice
 w - a ring of positive energy
 z - a ring of fire
 N - a ring of wizardry (right hand)
 Q - a +6 ring of dexterity
 R - a ring of magical power (left hand)
 S - an amulet of the acrobat
 W - a +6 ring of intelligence
Wands
 m - a wand of paralysis (27)
 C - a wand of digging (12)
 D - a wand of light (5)
 J - a wand of roots (2)
 P - a wand of polymorph (8)
 T - a wand of mindburst (6)
Scrolls
 d - 2 scrolls of blinking
 f - 5 scrolls of fear
 n - 2 scrolls of fog
 o - 10 scrolls of teleportation
 r - 3 scrolls of magic mapping
 y - 5 scrolls of poison
 I - 7 scrolls of identify
Potions
 a - a potion of resistance
 b - 3 potions of magic
 g - 4 potions of lignification
 i - 4 potions of heal wounds
 j - 6 potions of might
 p - 6 potions of mutation
 q - 2 potions of ambrosia
 s - 5 potions of curing
 u - a potion of cancellation
 H - a potion of berserk rage
 L - 2 potions of haste
Miscellaneous
 M - a condenser vane


   Skills:
 - Level 5.6 Fighting
 * Level 6.4(7.9) Polearms
 * Level 7.1(8.2) Staves
 + Level 12.8 Ranged Weapons
 - Level 7.4 Armour
 - Level 2.3 Dodging
 - Level 2.0 Stealth
 * Level 11.0 Spellcasting
 * Level 15.2 Conjurations
 - Level 1.5 Translocations
 * Level 7.4 Ice Magic
 * Level 11.6 Air Magic
 * Level 4.1 Evocations


You had 5 spell levels left.
You knew the following spells:

 Your Spells              Type           Power      Damage    Failure   Level
a - Iskenderun's Mystic   Conj/Tloc      61%        2d13      1%          4
b - Searing Ray           Conj           100%       2d8       1%          2
c - Flame Wave            Conj/Fire      58%        2d14      1%          4
d - Silence               Hex/Air        25%        N/A       8%          5
e - Freezing Cloud        Conj/Ice/Air   35%        6-21      1%          5
f - Fulminant Prism       Conj/Hex       29%        3d14      1%          4
g - Airstrike             Air            36%        2d(6-22)  1%          4
h - Stone Arrow           Conj/Erth      100%       3d13      1%          3

Your spell library contained the following spells:

 Spells                   Type           Power      Damage    Failure   Level
 Iskenderun's Battlesphe  Conj           82%        2d13      1%          5
 Apportation              Tloc           50%        N/A       1%          1
 Freeze                   Ice            100%       1d11      1%          1
 Magic Dart               Conj           100%       1d8       1%          1
 Sandblast                Erth           32%        2d9       1%          1
 Shock                    Conj/Air       100%       1d9       1%          1
 Poisonous Vapours        Pois/Air       100%       N/A       1%          2
 Static Discharge         Conj/Air       77%        3-13/arc  1%          2
 Dazzling Flash           Conj/Hex       100%       N/A       1%          3
 Frozen Ramparts          Ice            100%       1d16      1%          3
 Hailstorm                Conj/Ice       71%        3d15      1%          4
 Blink                    Tloc           50%        N/A       2%          2
 Necrotise                Necr           64%        1d7       3%          1
 Summon Small Mammal      Summ           64%        N/A       3%          1
 Passwall                 Tmut/Erth      13%        N/A       4%          2
 Lesser Beckoning         Tloc           25%        N/A       4%          3
 Tukima's Dance           Hex            17%        N/A       9%          3
 Vampiric Draining        Necr           16%        2d7       9%          3
 Passage of Golubria      Tloc           25%        N/A       14%         4
 Yara's Violent Unravell  Hex/Tmut       8%         3d5       17%         5
 Anguish                  Hex/Necr       8%         N/A       26%         4
 Animate Dead             Necr           16%        N/A       26%         4
 Manifold Assault         Tloc           25%        N/A       34%         5
 Agony                    Necr           16%        N/A       52%         5
 Borgnjor's Vile Clutch   Necr/Erth      8%         N/A       52%         5
 Conjure Ball Lightning   Conj/Air       38%        3x3d12    1%          6
 Simulacrum               Ice/Necr       19%        N/A       58%         6
 Death Channel            Necr           8%         N/A       96%         6
 Enfeeble                 Hex            8%         N/A       100%        7
 Discord                  Hex            8%         N/A       100%        8
 Disjunction              Tloc           12%        N/A       100%        8
 Necromutation            Tmut/Necr      8%         N/A       100%        8
 Death's Door             Necr           8%         N/A       100%        9
 Polar Vortex             Ice            28%        N/A       100%        9


Dungeon Overview and Level Annotations

Branches:
Dungeon (12/15)            Temple (1/1) D:4            Lair (5/5) D:10
 Shoals (0/4) Lair:2       Spider (1/4) Lair:2        Slime (0/5) Lair:4
    Orc (0/2) D:9

Altars:
Ashenzari
Cheibriados
Dithmenos
Elyvilon
Fedhas
Gozag
Hepliaklqana
Kikubaaqudgha
Makhleb
Nemelex Xobeh
Okawaru
Qazlal
Ru
Sif Muna
Trog
Uskayaw
Vehumet
Wu Jian
Xom
Yredelemnul
Zin
The Shining One
Jiyva

Shops:
D:3 ?   D:5 ?

Portals:
Trove: D:10 (give +7 demon blade)

Annotations:
Lair:5 exclusion: molten gargoyle


Innate Abilities, Weirdness & Mutations

You have a beak for a mouth.
You have claws for feet.
Your magical nature lets you fly swiftly and evasively.
Your natural rate of healing is unusually fast.
Your spells are a little harder to cast, but a little more powerful.


Message History

You feel your power returning.
The demonic crawler hits you but does no damage.
The demonic crawler closely misses you. The demonic crawler hits you.
The orb spider is engulfed in freezing vapours.
The orb spider pulsates with a strange energy.
The tarantella is engulfed in freezing vapours.
The tarantella touches you!
The demonic crawler shrieks in warning!
You hear a faint skittering sound. x3
You barely miss the tarantella. Your kick misses the tarantella.
Your peck misses the tarantella.
The tarantella is severely wounded.
The tarantella is engulfed in freezing vapours.
You kill the tarantella!
Vehumet accepts your kill.
Vehumet offers you knowledge of Iskenderun's Battlesphere.
You feel your power returning.
Aiming: Airstrike (safe; 1% risk of failure)
Press: ? - help, Q - select action, (/) - cycle Dir - move target, f/p - orb spider
Aim: an orb spider (freezing vapour, severely wounded, fully charged, empty space bonus: 5/8)
The air twists around and strikes the orb spider.
The orb spider is severely wounded.
The demonic crawler completely misses you.
The demonic crawler hits you! The demonic crawler barely misses you.
The orb spider is engulfed in freezing vapours.
The orb spider weaves a glowing orb of energy.
The demonic crawler hits you but does no damage.
The demonic crawler misses you.
The demonic crawler hits you but does no damage.
An orb of destruction comes into view.
As you read the scroll of teleportation, it crumbles to dust.
You feel strangely unstable. The demonic crawler misses you.
The demonic crawler hits you. The demonic crawler closely misses you.
The orb spider is engulfed in freezing vapours.
You kill the orb spider!
Vehumet accepts your kill.
You feel your power returning. The orb of destruction hits you!!!
Ouch! That really hurt!
You die...

**,^#.## * *,,,☼§.* ** *###.§#*
*^ *.°§§## *** ####§§§.## *,,
****** #.§#§§...# *****,>
,*,*,***** ###.§§#.###***,*^**,
,,,,,*,*,** ##..§§####*,**,^,,,**
,,,,,*,,,,**#...@s..#,,,,,,,,***
*^*,,,,,***,######^.#*,,,,,***
*****,,,,**,,,*,*,...#^**,,,*****
*,,,**,,,,,,*,...#**,,,**,,,*
**,,*****,,^,,,####****^,**,,*
*,,,,,,,*,***,,,**,,,,,,**,,,,
***,,,,**** *,,,^**,,,,,*****,
**,,,**,^^* ***^,,,,,**,,,,,,,
*,,,,,**,,* ***,,,,,,**,,,,,,,,


You could see a demonic crawler.

Vanquished Creatures
  Kirke (Lair:3)
  An emperor scorpion (Spider:1)
  2 broodmothers (Spider:1)
  Nessos (Lair:5)
  An entropy weaver (Spider:1)
  A fire dragon (Lair:5)
  The ghost of Psyclone the Nimble, a journeyman DEFE of Ashenzari (Lair:1)
  4 boulder beetles
  13 hydras
  2 two-headed ogres (D:11)
  8 death yaks
  Urug (Lair:4)
  An orb spider (Spider:2)
  2 lindwurms
  3 wolf spiders
  An oklob plant (Lair:4)
  2 cyclopes
  4 elephants (Lair:3)
  A manticore (Lair:2)
  An elephant (shapeshifter) (D:10)
  8 black mambas
  A gargoyle (D:11)
  2 torpor snails
  2 molten gargoyles (Lair:5)
  3 unseen horrors
  7 cane toads
  A demonic crawler (Spider:1)
  Psyche (D:9)
  A rime drake (Lair:2)
  A kobold demonologist (D:11)
  15 komodo dragons
  4 trolls
  3 polar bears
  A wind drake (Lair:2)
  9 tarantellas
  Prince Ribbit (D:6)
  12 dream sheep
  7 blink frogs (Lair:2)
  5 slime creatures (D:11)
  7 jumping spiders (Spider:1)
  9 wyverns
  A wraith (D:9)
  9 culicivoras
  33 yaks
  4 basilisks
  A hog (shapeshifter) (D:9)
  A hog (Lair:3)
  3 steam dragons
  7 redbacks
  2 vampire mosquitoes (D:12)
  Edmund (D:5)
  4 hell hounds (Lair:5)
  3 orc warriors
  12 water moccasins
  2 black bears
  An ice beast (D:8)
  A sky beast (D:7)
  10 wolves
  5 centaurs
  3 ogres
  3 kobold brigands
  4 gnoll sergeants
  17 bullfrogs
  3 necrophages
  3 scorpions
  8 wights
  3 killer bees (D:10)
  An electric eel (Lair:3)
  A troll skeleton (D:9)
  4 howler monkeys
  5 spriggan skeletons (D:9)
  A jelly (D:8)
  5 lava snakes (Lair:5)
  3 hounds
  5 orc priests
  Crazy Yiuf (D:4)
  4 iguanas
  Terence (D:3)
  5 orc wizards
  10 adders
  19 gnolls
  A worm (D:2)
  2 dart slugs
  39 orcs
  5 endoplasms
  3 giant cockroaches
  7 goblins
  8 hobgoblins
  26 kobolds
  4 quokkas
  10 ball pythons
  7 bats
  4 frilled lizards
  6 rats
  2 bushes
  2 butterflies (Lair:4)
486 creatures vanquished.

Vanquished Creatures (others)
  An unseen horror (D:12)
  3 ball lightnings (Lair:2)
  8 fulminant prisms
  30 fungi
  35 plants
77 creatures vanquished.

Grand Total: 563 creatures vanquished

Notes
Turn   | Place    | Note
-------+----------+-------------------------------------------
     0 | D:1      | GimliDwarf the Tengu Conjurer began the quest for the Orb.
     0 | D:1      | Reached XP level 1. HP: 10/10 MP: 4/4
   370 | D:1      | Reached XP level 2. HP: 15/15 MP: 4/6
   373 | D:1      | Learned a level 2 spell: Searing Ray
   522 | D:1      | You fall into a shaft and drop 1 floor!
   735 | D:1      | Found a faded altar of an unknown god.
   785 | D:1      | Reached skill level 6 in Conjurations
  1098 | D:2      | Reached XP level 3. HP: 12/19 MP: 0/7
  1447 | D:2      | Reached XP level 4. HP: 24/24 MP: 2/8
  1746 | D:2      | Learned a level 3 spell: Dazzling Flash
  1756 | D:3      | Reached skill level 7 in Conjurations
  1799 | D:3      | Noticed Terence
  1917 | D:3      | Gained mutation: Your magical nature lets you fly swiftly
                  | and evasively. [Tengu growth]
  1917 | D:3      | Reached XP level 5. HP: 28/28 MP: 5/10
  2468 | D:3      | Found Tucw's Magic Scroll Boutique.
  2476 | D:3      | Bought a scroll of magic mapping for 97 gold pieces
  2511 | D:3      | Killed Terence
  2786 | D:3      | Reached skill level 1 in Armour
  2923 | D:3      | Reached XP level 6. HP: 32/32 MP: 12/12
  3064 | D:3      | Found an ornate altar of the Wu Jian Council.
  3128 | D:3      | Found a shimmering altar of Xom.
  3134 | D:3      | Found an opulent altar of Gozag.
  3136 | D:3      | Found a white marble altar of Elyvilon.
  3472 | D:4      | Reached skill level 1 in Ranged Weapons
  3612 | D:4      | Found a staircase to the Ecumenical Temple.
  3618 | Temple   | Entered the Ecumenical Temple
  3826 | Temple   | Gained mutation: Your natural rate of healing is unusually
                  | fast. [potion of mutation]
  3826 | Temple   | Gained mutation: Your spells are a little harder to cast,
                  | but a little more powerful. [potion of mutation]
  3842 | Temple   | Became a worshipper of Vehumet
  3982 | D:4      | Reached skill level 1 in Air Magic
  4188 | D:4      | Reached skill level 8 in Conjurations
  4253 | D:4      | Reached XP level 7. HP: 37/37 MP: 9/13
  4382 | D:4      | Found a blossoming altar of Fedhas.
  4382 | D:4      | Found a glowing silver altar of Zin.
  4971 | D:4      | Found a runed translucent door.
  4972 | D:4      | Noticed Crazy Yiuf
  4978 | D:4      | Killed Crazy Yiuf
  5032 | D:5      | Entered Level 5 of the Dungeon
  5059 | D:5      | Found Wank's Magic Scroll Emporium.
  5579 | D:5      | Found a bloodstained altar of Trog.
  5828 | D:5      | Reached skill level 1 in Fighting
  5863 | D:5      | Reached skill level 5 in Ranged Weapons
  5863 | D:5      | Reached XP level 8. HP: 43/43 MP: 10/15
  6058 | D:5      | Identified the +3 ring mail of the Devil's Team {Rampage
                  | Str-2 Dex+3}
  6079 | D:5      | Noticed Edmund
  6129 | D:5      | Killed Edmund
  6406 | D:5      | Identified a scroll of acquirement
  6406 | D:5      | Acquired a +1 longbow of freezing
  6478 | D:6      | Found a hide-covered altar of Uskayaw.
  6811 | D:6      | Noticed Prince Ribbit
  6831 | D:6      | Killed Prince Ribbit
  6907 | D:6      | Reached * piety under Vehumet
  6907 | D:6      | Offered knowledge of Shock by Vehumet.
  7079 | D:6      | Identified the +5 spear of Ifesewat {pain, rPois SInv}
  7227 | D:7      | Reached XP level 9. HP: 41/48 MP: 7/16
  7344 | D:7      | Reached skill level 1 in Ice Magic
  7731 | D:7      | Reached skill level 9 in Conjurations
  7764 | D:7      | Offered knowledge of Sandblast by Vehumet.
  8250 | D:8      | Reached ** piety under Vehumet
  8256 | D:8      | Reached skill level 1 in Staves
  8256 | D:8      | Reached skill level 5 in Spellcasting
  8591 | D:8      | Reached XP level 10. HP: 55/55 MP: 9/18
  8832 | D:8      | Reached skill level 5 in Armour
  8989 | D:8      | Offered knowledge of Static Discharge by Vehumet.
  8994 | D:8      | Learned a level 2 spell: Static Discharge
  9437 | D:9      | Noticed Psyche
  9624 | D:9      | Reached skill level 5 in Air Magic
  9874 | D:9      | Found a staircase to the Orcish Mines.
 10156 | D:9      | Found the +4 Cigotuvi's embrace {rMiasma Drain rN+}
 10157 | D:9      | Noticed a boulder beetle
 10177 | D:9      | Reached skill level 10 in Ranged Weapons
 10209 | D:9      | Killed a boulder beetle
 10241 | D:9      | Got Sif Muna's Octavo of Evil Fog
 10246 | D:9      | Identified the +1 plate armour of the Gardener {*Slow rF++
                  | Str+3}
 10377 | D:9      | Reached *** piety under Vehumet
 10378 | D:9      | Reached skill level 10 in Conjurations
 10558 | D:9      | Learned a level 5 spell: Freezing Cloud
 10563 | D:9      | Learned a level 4 spell: Fulminant Prism
 10569 | D:9      | Learned a level 4 spell: Iskenderun's Mystic Blast
 10924 | D:9      | Noticed an unseen horror
 11027 | D:9      | Killed Psyche
 11153 | D:9      | Killed an unseen horror
 11154 | D:9      | Reached XP level 11. HP: 49/60 MP: 12/21
 11281 | D:10     | Entered Level 10 of the Dungeon
 11518 | D:10     | Offered knowledge of Flame Wave by Vehumet.
 11869 | D:10     | Noticed an eight-headed hydra
 11878 | D:10     | Killed an eight-headed hydra
 12007 | D:10     | Found a portal to a secret trove of treasure.
 12305 | D:10     | Noticed a death yak
 12384 | D:10     | Noticed a five-headed hydra
 12384 | D:10     | a death yak changed into a five-headed hydra
 12388 | D:10     | Noticed an ettin
 12626 | D:10     | Reached skill level 1 in Polearms
 12626 | D:10     | Reached skill level 11 in Conjurations
 12719 | D:10     | Found a staircase to the Lair.
 13265 | D:5      | Bought a scroll of amnesia for 44 gold pieces
 13265 | D:5      | Bought a scroll of amnesia for 44 gold pieces
 13271 | D:5      | Learned a level 4 spell: Flame Wave
 13477 | D:11     | Noticed a two-headed ogre
 13481 | D:11     | Killed a two-headed ogre
 13652 | D:11     | Noticed a boulder beetle
 13658 | D:11     | Noticed a cyclops
 13667 | D:11     | Killed a boulder beetle
 13703 | D:11     | Killed a cyclops
 13841 | D:11     | Noticed a two-headed ogre
 13851 | D:11     | Killed a two-headed ogre
 13851 | D:11     | Reached **** piety under Vehumet
 13911 | D:11     | Noticed a boulder beetle
 13940 | D:11     | Killed a boulder beetle
 13941 | D:11     | Reached skill level 5 in Fighting
 13941 | D:11     | Reached skill level 1 in Translocations
 13941 | D:11     | Reached XP level 12. HP: 68/68 MP: 9/23
 13947 | D:11     | Offered knowledge of Stone Arrow by Vehumet.
 14229 | D:11     | Identified the +9 sling of Esoetz {speed, Dex+3}
 14544 | D:12     | Noticed a four-headed hydra
 14611 | D:12     | Killed a four-headed hydra
 14628 | D:12     | Reached skill level 12 in Conjurations
 14793 | D:12     | Noticed a boulder beetle
 14801 | D:12     | Killed a boulder beetle
 15152 | D:12     | Reached skill level 5 in Ice Magic
 15588 | D:12     | Learned a level 6 spell: Conjure Ball Lightning
 15814 | D:3      | Bought a scroll of poison for 52 gold pieces
 15814 | D:3      | Bought a scroll of silence for 123 gold pieces
 15814 | D:3      | Bought a scroll of poison for 52 gold pieces
 16064 | Lair:1   | Entered Level 1 of the Lair of Beasts
 16064 | Lair:1   | Noticed a five-headed hydra
 16070 | Lair:1   | Killed a five-headed hydra
 16220 | Lair:1   | Noticed a seven-headed hydra
 16226 | Lair:1   | Killed a seven-headed hydra
 16341 | Lair:1   | You are sucked into a shaft and drop 1 floor!
 16409 | Lair:2   | Noticed a six-headed hydra
 16414 | Lair:2   | Killed a six-headed hydra
 16451 | Lair:2   | Reached XP level 13. HP: 73/73 MP: 8/26
 16608 | Lair:1   | Identified the +8 dagger "Lublaisa" {protect, Str+4 Dex+8}
 16802 | Lair:1   | Reached skill level 13 in Conjurations
 16870 | Lair:1   | Found a runed translucent door.
 16873 | Lair:1   | Noticed Psyclone's ghost (journeyman DEFE)
 17240 | Lair:1   | Killed Psyclone's ghost
 17567 | Lair:2   | Found a hole to the Spider Nest.
 17746 | Lair:2   | Found a staircase to the Shoals.
 17763 | Lair:2   | Reached ***** piety under Vehumet
 18027 | Lair:2   | Offered knowledge of Airstrike by Vehumet.
 18785 | Lair:3   | Reached skill level 5 in Staves
 19113 | Lair:3   | Noticed Kirke
 19125 | Lair:3   | Killed Kirke
 19353 | Lair:3   | Learned a level 4 spell: Airstrike
 19360 | Lair:3   | Learned a level 5 spell: Silence
 19364 | Lair:3   | Learned a level 3 spell: Stone Arrow
 19779 | Lair:4   | Noticed Urug
 19790 | Lair:4   | Killed Urug
 19791 | Lair:4   | Reached skill level 10 in Air Magic
 19983 | Lair:4   | Reached skill level 1 in Evocations
 19983 | Lair:4   | Reached XP level 14. HP: 78/78 MP: 28/28
 19997 | Lair:4   | Reached skill level 14 in Conjurations
 20105 | Lair:4   | Reached skill level 5 in Polearms
 20686 | Lair:4   | Found a viscous altar of Jiyva.
 20686 | Lair:4   | Found a staircase to the Slime Pits.
 20792 | Lair:4   | Reached skill level 10 in Spellcasting
 20966 | Lair:5   | Entered Level 5 of the Lair of Beasts
 21136 | Lair:5   | Noticed Nessos
 21142 | Lair:5   | Killed Nessos
 21624 | Lair:5   | Offered knowledge of Lightning Bolt by Vehumet.
 22183 | Lair:5   | Found a large runed translucent door.
 22183 | Lair:5   | Found a large runed translucent door.
 22965 | Spider:1 | Entered Level 1 of the Spider Nest
 23047 | Spider:1 | Noticed a broodmother
 23054 | Spider:1 | Killed a broodmother
 23358 | Spider:1 | Noticed an entropy weaver
 23427 | Spider:1 | Killed an entropy weaver
 23428 | Spider:1 | Reached skill level 15 in Conjurations
 23428 | Spider:1 | Reached XP level 15. HP: 83/83 MP: 23/30
 23597 | Spider:1 | Noticed an emperor scorpion
 23611 | Spider:1 | Killed an emperor scorpion
 23828 | Spider:1 | You are sucked into a shaft and drop 1 floor!
 23856 | Spider:2 | Offered knowledge of Iskenderun's Battlesphere by Vehumet.
 23859 | Spider:2 | Blown up by an orb spider

Illustrated notes

Levels and vault maps discovered:
D:1:      minmay_arrival_jagged, layout_basic,
          dreamdust_ecumenical_altar_hidden_monk_grotto, grunt_decor_fettered
D:2:      layout_basic, chequers_serial_rivers_micro_e
D:3:      corexii_shack_village, layout_loops_ring, minitemple,
          lemuel_round_altar, serial_shops, shop_fountains, uniq_terence
D:4:      layout_layer_cave, gammafunk_temple_overflow_wave, temple_green,
          uniq_crazy_yiuf_cottage
D:5:      layout_loops_corners, trog_butcher_becter, serial_shops,
          nicolae_shop_trees, guppyfry_early_lair_pool, uniq_edmund
D:6:      layout_basic, general_overflow_altar, serial_rivers,
          chequers_serial_rivers_room_b, chequers_serial_rivers_micro_a,
          chequers_serial_rivers_room_b, chequers_serial_rivers_small_b,
          chequers_serial_rivers_micro_a, chequers_serial_rivers_micro_e,
          uniq_prince_ribbit1
D:7:      layout_basic
D:8:      layout_loops_corners
D:9:      minmay_the_grid_four_pointed_star
          [minmay_the_grid_triangle_9x9_wacky_v,
          minmay_the_grid_triangle_9x9_corrupted_corridor,
          minmay_the_grid_triangle_9x9_shrine,
          minmay_the_grid_triangle_9x9_odd_lines,
          minmay_the_grid_prize_diamond_cup], layout_loops_corners, orc_0_dummy,
          hangedman_tell_no_tales, uniq_psyche
D:10:     layout_irregular_city, erik_lair_dragon, nicolae_trove_entry_crystal
D:11:     layout_long_grid, serial_glass, glass_columns_a, glass_columns_a,
          glass_columns_b, glass_columns_b
D:12:     layout_basic, small_statue_intersection
Temple:   nicolae_temple_bog_church
Lair:1:   layout_roguey, ebering_ghost_reflecting_pool,
          infiniplex_staircase_pool_2
Lair:2:   layout_cave_pods, minmay_shoals_entry_beasts,
          hellmonk_spider_entry_life_and_decay, grunt_megastairs_4,
          serial_bayou_shore_b
Lair:3:   layout_roguey, grunt_megastairs_5, infiniplex_staircase_pool,
          uniq_kirke
Lair:4:   layout_concentric_octagons, dpeg_slime_entry_corner,
          lemuel_fruit_fields, uniq_urug
Lair:5:   cheibrodos_lair_end_hotspot, layout_gridlike, uniq_nessos
Spider:1: layout_spider_delve, ebering_ghost_xom,
          nicolae_spider_nooks_and_crannies
Spider:2: layout_spider_delve, nicolae_spider_circle_web

Skill      XL: |  1  2  3  4  5  6  7  8  9 10 11 12 13 14 15 |
---------------+----------------------------------------------+-----
Conjurations   | 6 7 8 9 10 11 12 13 15 | 15.2
Spellcasting   | 3 4 5 6 7 8 9 10 11 | 11.0
Armour         | 1 2 3 4 5 6 7 |  7.4
Ranged Weapons | 3 5 7 9 10 11 12 | 12.8
Air Magic      | 1 2 3 4 6 7 8 10 11 | 11.6
Fighting       | 1 2 3 5 |  5.6
Ice Magic      | 2 3 4 5 6 7 |  7.4
Staves         | 1 2 3 5 6 7 |  7.1
Polearms       | 1 2 4 6 |  6.4
Translocations | 1 |  1.5
Evocations     | 1 3 4 |  4.1
Dodging        | |  2.3
Stealth        | |  2.0

Action                   |  1- 3 |  4- 6 |  7- 9 | 10-12 | 13-15 || total
-------------------------+-------+-------+-------+-------+-------++-------
Melee: Short sword       |     4 |       |    37 |       |       ||    41
       Kick              |     1 |       |    31 |    34 |    21 ||    87
       Peck              |       |       |    15 |    19 |    17 ||    51
       Punch             |       |       |     1 |     1 |     1 ||     3
       Quarterstaff      |       |       |    16 |    41 |    19 ||    76
       Spear             |       |       |       |    45 |    41 ||    86
 Fire: Sling             |       |    42 |    46 |    55 |   289 ||   432
       Longbow           |       |       |    85 |   135 |       ||   220
       Shortbow          |       |       |       |     8 |       ||     8
Throw: Throwing net      |       |       |     1 |       |       ||     1
       Dart              |       |       |       |    17 |     1 ||    18
 Cast: Magic Dart        |    40 |    23 |     5 |       |       ||    68
       Searing Ray       |     3 |    21 |    40 |    41 |     1 ||   106
       Dazzling Flash    |       |     1 |     3 |    11 |       ||    15
       Fulminant Prism   |       |       |       |     5 |     3 ||     8
       Static Discharge  |       |       |       |     1 |       ||     1
       Iskenderun's Myst |       |       |       |    56 |    75 ||   131
       Freezing Cloud    |       |       |       |    37 |   132 ||   169
       Stone Arrow       |       |       |       |       |     6 ||     6
       Airstrike         |       |       |       |       |    23 ||    23
       Conjure Ball Ligh |       |       |       |       |     1 ||     1
Evoke: Wand              |       |       |     2 |    11 |     7 ||    20
  Use: Scroll            |       |    16 |     8 |     8 |    12 ||    44
       Potion            |       |     1 |       |     2 |     2 ||     5
Armor: Robe              |     2 |     5 |       |       |       ||     7
       Leather armour    |       |       |    15 |    34 |       ||    49
       Steam dragon scal |       |       |       |     8 |    15 ||    23
Dodge: Dodged            |     5 |    14 |    60 |   142 |    63 ||   284
